 Dungeon Crawl Stone Soup version 0.19.1-1-g22dce08 (webtiles) character file.

998 lofty the Charmwright (level 8, -1/60 HPs)
             Began as a Vampire Skald on Dec 29, 2016.
             Was a Believer of Makhleb.
             Killed by nerve-wracking pain
             ... invoked by an orc priest
              (2 damage)
             ... on level 7 of the Dungeon.
             The game lasted 00:44:53 (4641 turns).

lofty the Charmwright (Vampire Skald)               Turns: 4641, Time: 00:44:54

Health: -1/60      AC:  3    Str: 11 (12) XL:     8   Next: 0%
Magic:  2/14       EV: 13    Int: 14 (15) God:    Makhleb [**....]
Gold:   298        SH:  2    Dex: 12 (14) Spells: 5 memorised, 4 levels left

rFire  . . .     SeeInvis +     h - +1 spear (venom)
rCold  . . .     Gourm    .     b - +0 leather armour
rNeg   + . .     Faith    .     (no shield)
rPois  .         Spirit   .     (no helmet)
rElec  .         Reflect  +     (no cloak)
rCorr  .         Harm     .     (no gloves)
MR     .....                    (no boots)
Stlth  +++.......               t - +2 amulet of reflection
                                (no ring)
                                (no ring)

@: shrouded, singing (expiring), very slightly contaminated
A: fangs 3, see invisible, unbreathing
a: Bat Form, Minor Destruction, Renounce Religion, Stop Singing


You were on level 7 of the Dungeon.
You worshipped Makhleb.
Makhleb was pleased with you.
You were not thirsty.

You visited 1 branch of the dungeon, and saw 7 of its levels.

You collected 298 gold pieces.

Inventory:

Hand Weapons
 a - a +0 falchion
 e - a +0 dagger
 g - a +0 long sword
 h - a +1 spear of venom (weapon)
 l - a +0 hunting sling
Missiles
 m - 252 stones (quivered)
Armour
 b - a +0 leather armour (worn)
 w - a +0 shield
Jewellery
 t - a +2 amulet of reflection (around neck)
Wands
 q - a wand of random effects (16/48)
 v - a wand of iceblast (4/15)
 x - a wand of iceblast (4/15)
Scrolls
 i - 2 scrolls of enchant armour {unknown}
 j - a scroll of identify {unknown}
 k - 2 scrolls of enchant weapon {unknown}
 n - a scroll of recharging {unknown}
 p - 3 scrolls of magic mapping {unknown}
 s - 2 scrolls of remove curse
 u - a scroll of blinking {unknown}
 y - a scroll of fear {unknown}
Potions
 d - 2 potions of cancellation
 f - 3 potions of flight
 o - 3 potions of haste
 r - a potion of curing
Books
 c - a book of Battle

   Spells                             Type                      Level
   a - Infusion                       Charms                       1
   b - Shroud of Golubria             Charms/Translocation         2
   c - Song of Slaying                Charms                       2
   d - Spectral Weapon                Hexes/Charms                 3
   e - Regeneration                   Charms/Necromancy            3


   Skills:
 + Level 3.6 Fighting
 + Level 3.0(4.4) Short Blades
 + Level 4.4(4.8) Long Blades
 + Level 2.1 Polearms
 + Level 2.1(2.6) Slings
 + Level 2.2(2.6) Throwing
 + Level 3.0 Armour
 + Level 4.0 Dodging
 + Level 5.1 Stealth
 + Level 3.2 Unarmed Combat
 + Level 4.0 Spellcasting
 + Level 4.4 Hexes
 + Level 5.7 Charms
 + Level 2.3 Translocations
 + Level 2.4 Invocations


You had 4 spell levels left.
You knew the following spells:

 Your Spells              Type           Power        Failure   Level  Hunger
a - Infusion              Chrm           ###.         2%          1    None
b - Shroud of Golubria    Chrm/Tloc      ##........   10%         2    ##.....
c - Spectral Weapon       Hex/Chrm       ###.....     12%         3    ###....
d - Regeneration          Chrm/Necr      ##........   28%         3    ###....
e - Song of Slaying       Chrm           ###.....     4%          2    ##.....


Dungeon Overview and Level Annotations

Branches:
Dungeon (7/15)             Temple (0/1) D:7

Altars:
Ashenzari
Elyvilon
Fedhas
Makhleb
Nemelex Xobeh
Qazlal
Vehumet


Innate Abilities, Weirdness & Mutations

You have razor-sharp teeth.
You have supernaturally acute eyesight. (SInv)
You can survive without breathing.


Message History

Your +1 spear of venom begins to drip with poison!
The bullfrog closely misses you. x2
Casting: Spectral Weapon
Confirm with . or Enter, or press ? or * to list all spells.
Space distorts slightly along a thin shroud covering your body.
The bullfrog hits you but does no damage.
You closely miss the bullfrog. You bite the bullfrog.
The bullfrog is lightly wounded.
Your shroud bends the bullfrog's attack away.
Your shroud bends the bullfrog's attack away!
You hit the bullfrog.
The bullfrog is poisoned.
The bullfrog is lightly wounded.
The bullfrog hits you.
* * * LOW HITPOINT WARNING * * *
You closely miss the bullfrog.
The bullfrog is lightly wounded.
The bullfrog barely misses you.
The orc priest invokes the aid of Beogh against you.
Pain shoots through your body!
You die...

#########
#######)..F@..#
.........).........
####........#.#####
........###.#.#
#....##.###.# .
#.....#...o.# ##
#.....##.#######
#...............
.....##......>.#


You could see a bullfrog and an orc priest.

Vanquished Creatures
  3 ice beasts (D:5)
  3 scorpions
  A crimson imp (D:5)
  3 orc priests
  An orc wizard (D:4)
  An iguana (D:5)
  2 worker ants
  A hound skeleton (D:3)
  A howler monkey zombie (D:5)
  2 worker ant zombies
  14 adders
  A shadow imp (D:6)
  3 oozes
  An adder skeleton (D:5)
  2 dart slugs
  2 leopard geckos
  10 orcs
  8 ball pythons
  8 bats
  3 giant cockroaches
  7 goblins
  6 hobgoblins
  6 kobolds
  2 quokkas
  A ball python skeleton (D:3)
  5 frilled lizards
  2 giant cockroach zombies
  A jackal skeleton (D:3)
  A jackal zombie (D:3)
  3 leopard gecko skeletons (D:3)
  A quokka skeleton (D:3)
  7 rats
112 creatures vanquished.

Notes
Turn   | Place    | Note
-------+----------+-------------------------------------------
     0 | D:1      | lofty the Vampire Skald began the quest for the Orb.
     0 | D:1      | Reached XP level 1. HP: 16/16 MP: 3/3
   202 | D:1      | Reached XP level 2. HP: 20/22 MP: 1/5
   206 | D:1      | Learned a level 2 spell: Shroud of Golubria
   690 | D:2      | Reached skill level 1 in Armour
   751 | D:2      | Reached XP level 3. HP: 27/27 MP: 6/6
  1033 | D:2      | Found a burning altar of Makhleb.
  1060 | D:2      | Became a worshipper of Makhleb the Destroyer
  1167 | D:2      | Reached XP level 4. HP: 29/33 MP: 7/7
  1174 | D:2      | Learned a level 3 spell: Spectral Weapon
  1466 | D:3      | Gained mutation: You are somewhat resistant to further mutation. [potion of mutation]
  1468 | D:3      | Reached XP level 5. HP: 41/41 MP: 7/10
  1517 | D:3      | Reached skill level 5 in Charms
  1528 | D:3      | Found a blossoming altar of Fedhas.
  1937 | D:3      | Reached * piety under Makhleb
  1987 | D:3      | Reached XP level 6. HP: 38/47 MP: 11/11
  1992 | D:3      | Learned a level 3 spell: Regeneration
  1995 | D:3      | Learned a level 2 spell: Song of Slaying
  2242 | D:3      | Found a blossoming altar of Fedhas.
  2245 | D:3      | Found a sparkling altar of Nemelex Xobeh.
  2248 | D:3      | Found a shattered altar of Ashenzari.
  2903 | D:4      | Lost mutation: You are somewhat resistant to further mutation. [potion of cure mutation]
  3113 | D:4      | Reached ** piety under Makhleb
  3205 | D:4      | Reached skill level 1 in Polearms
  3205 | D:4      | Reached XP level 7. HP: 52/52 MP: 10/12
  3300 | D:5      | Entered Level 5 of the Dungeon
  3318 | D:5      | Reached skill level 5 in Stealth
  4534 | D:6      | Found a radiant altar of Vehumet.
  4534 | D:6      | Found a stormy altar of Qazlal.
  4534 | D:6      | Found a white marble altar of Elyvilon.
  4583 | D:6      | Reached XP level 8. HP: 60/60 MP: 14/14
  4622 | D:7      | Found a staircase to the Ecumenical Temple.
  4640 | D:7      | HP: 1/60 [bullfrog (6)]
  4641 | D:7      | Killed from afar by an orc priest

Skill      XL: |  1  2  3  4  5  6  7 |
---------------+----------------------+-----
Fighting       | 2 3 |  3.6
Armour         | 1 2 3 |  3.0
Long Blades    | 3 4 |  4.4
Short Blades   | 3 |  3.0
Slings         | 2 |  2.1
Throwing       | 2 |  2.2
Dodging        | 3 4 |  4.0
Stealth        | 4 5 |  5.1
Unarmed Combat | 2 3 |  3.2
Spellcasting   | 3 4 |  4.0
Hexes          | 4 |  4.4
Charms         | 4 5 |  5.7
Translocations | 2 |  2.3
Invocations    | 2 |  2.4
Polearms       | 1 2 |  2.1

Action                   |  1- 3 |  4- 6 |  7- 9 || total
-------------------------+-------+-------+-------++-------
Melee: Falchion          |    94 |    98 |       ||   192
       Bite              |     6 |    26 |     8 ||    40
       Unarmed           |       |    37 |       ||    37
       Punch             |       |     3 |     1 ||     4
       Spear             |       |    65 |   111 ||   176
 Cast: Infusion          |     5 |    12 |    12 ||    29
       Shroud of Golubri |     2 |     8 |    10 ||    20
       Spectral Weapon   |       |     5 |     3 ||     8
       Song of Slaying   |       |     2 |     2 ||     4
       Regeneration      |       |       |     3 ||     3
Invok: Minor Destruction |       |       |     1 ||     1
 Abil: End Transformatio |       |       |     1 ||     1
       Bat Form          |       |       |     1 ||     1
  Use: Potion            |     1 |    11 |     1 ||    13
       Scroll            |       |     3 |       ||     3
 Stab: Sleeping          |       |     7 |     2 ||     9
       Invisible         |       |     1 |       ||     1
  Eat: Corpse            |     7 |    12 |     3 ||    22
Armor: Leather armour    |    28 |    24 |    20 ||    72
Dodge: Dodged            |    75 |   127 |    77 ||   279
Block: Other             |       |       |     5 ||     5
       Rpst.: Falchion   |    19 |    22 |       ||    41
